 Dungeon Crawl Stone Soup version 0.30-a0-972-gf3ab3527aa (webtiles) character file.

Game seed: 17353178632004438752

189 mopl the Shooter (level 6, -3/48 HPs)
             Began as a Meteoran Hunter on Mar 31, 2023.
             Killed from afar by a white imp (7 damage)
             ... with a puff of frost
             ... on level 6 of the Dungeon.
             The game lasted 00:02:52 (570 turns).

mopl the Shooter (Meteoran Hunter)                   Turns: 570, Time: 00:02:53

Health: -3/48      AC:  6    Str: 15    XL:     6   Next: 21%
Magic:  7/7        EV: 10    Int: 11    God:
Gold:   109        SH:  0    Dex: 17    Spells: 5/5 levels left

rFire   . . .      SeeInvis .    a - +0 shortbow
rCold   . . .      Faith    .    (shield currently unavailable)
rNeg    . . .      Spirit   .    e - +0 scale mail
rPois   .          Reflect  .    (no helmet)
rElec   .          Rampage  .    (no cloak)
rCorr   .                        (no gloves)
Will    .....                    (no boots) Stlth
                                 (no amulet)
HPRegen 0.28/turn                (no ring)
MPRegen 0.10/turn                (no ring)

@: glowing
A: sense surroundings 1, otherworldly, glowing, explore regen
a: no special abilities


You were on level 6 of the Dungeon.
You visited 1 branch of the dungeon, and saw 7 of its levels.

You collected 109 gold pieces.

Inventory:

Hand Weapons
 a - a +0 shortbow (weapon)
Missiles
 g - 7 poisoned darts
Armour
 e - a +0 scale mail (worn)
Wands
 k - a wand of iceblast (6)
Scrolls
 b - a scroll of immolation
 f - a scroll of identify {unknown}
 h - 4 scrolls of enchant weapon {unknown}
 l - a scroll of enchant armour {unknown}
Potions
 c - a potion of haste {unknown}
 d - a potion of flight {unknown}
 i - a potion of berserk rage {unknown}
 j - 2 potions of curing {unknown}


   Skills:
 - Level 2.1 Fighting
 + Level 7.4 Ranged Weapons
 - Level 2.4 Dodging
 - Level 0.6 Stealth


You had 5 spell levels left.
You didn't know any spells.
Your spell library was empty.

Dungeon Overview and Level Annotations

Branches:
Dungeon (7/15) Zot: 3585
 Temple: D:4-7

Altars:

Shops:
D:1 ?

Annotations:
D:6 jazmu's ghost, novice DsHu


Innate Abilities, Weirdness & Mutations

You passively map a small area around you.
You are easily found by Zot.
You glow in the dark.
You regain HP and MP as you explore.


Message History

Unknown command.
Fire: a) +0 shortbow
Press: ? - help, Q - select action, (/) - cycle Shift-Dir - straight line, f/p - white imp
Aim: a white imp (lightly wounded, 64% to hit)
You shoot an arrow. The arrow hits the white imp.
The white imp is heavily wounded.
Unknown command.
Fire: a) +0 shortbow
Press: ? - help, Q - select action, (/) - cycle Shift-Dir - straight line, f/p - white imp
Aim: a white imp (heavily wounded, 64% to hit)
You shoot an arrow.
The arrow completely misses the white imp.
The white imp gestures at you. The puff of frost hits you.
* * * LOW HITPOINT WARNING * * *
The white imp picks up a beetle and eats it.
The white imp closely misses you.
Fire: a) +0 shortbow
Press: ? - help, Q - select action, (/) - cycle Shift-Dir - straight line, f/p - white imp
Aim: a white imp (heavily wounded, 64% to hit)
You shoot an arrow. The arrow hits the white imp.
The white imp is heavily wounded.
The white imp hits you but does no damage.
Fire: a) +0 shortbow
Press: ? - help, Q - select action, (/) - cycle Shift-Dir - straight line, f/p - white imp
Aim: a white imp (heavily wounded, 64% to hit)
You shoot an arrow. The arrow closely misses the white imp.
The white imp grinds its teeth.
The white imp gestures at you. The puff of frost hits you.
* * * LOW HITPOINT WARNING * * *
Fire: a) +0 shortbow
Press: ? - help, Q - select action, (/) - cycle Shift-Dir - straight line, f/p - white imp
Aim: a white imp (heavily wounded, 64% to hit)
You shoot an arrow.
The arrow hits the white imp but does no damage.
The white imp is heavily wounded.
The white imp gestures at you. The puff of frost hits you!
You die...

............... , , ,,
......##.......... ,
......##...#.# ..#* , .
, #.....##....###... ,
.. , #....###.........
... ##....#........#
,..., * *
......#.....##.### ..#,
,, *
.....).......#...#...#..
, *
....#...........@5.....[
#...#..#..##......#....#
##.###########.#### ###
, #### ###


You could see a white imp.

Vanquished Creatures
  An ogre (D:6)
  A jelly (D:5)
  An orc wizard (D:6)
  An adder (D:3)
  A dart slug (D:1)
  An orc (D:6)
  3 bats (D:1)
  3 endoplasms
  3 goblins
  3 hobgoblins
  7 jackals
  7 kobolds
  2 quokkas (D:1)
  2 ball pythons (D:1)
  A frilled lizard (D:1)
  4 rats (D:1)
41 creatures vanquished.

Notes
Turn   | Place    | Note
-------+----------+-------------------------------------------
     0 | D:1      | mopl the Meteoran Hunter began the quest for the Orb.
     0 | D:1      | Reached XP level 1. HP: 17/17 MP: 2/2
    44 | D:1      | Reached XP level 2. HP: 12/24 MP: 3/3
   142 | D:1      | Reached skill level 5 in Ranged Weapons
   150 | D:1      | Found Ybet Ret Gus's Magic Scroll Shop.
   175 | D:1      | Reached XP level 3. HP: 24/29 MP: 4/4
   343 | D:3      | Reached XP level 4. HP: 33/36 MP: 5/5
   448 | D:5      | Entered Level 5 of the Dungeon
   467 | D:6      | Noticed jazmu's ghost (novice DsHu)
   492 | D:5      | Reached skill level 6 in Ranged Weapons
   516 | D:6      | Reached XP level 5. HP: 39/41 MP: 6/6
   543 | D:6      | Noticed an ogre
   552 | D:6      | Killed an ogre
   553 | D:6      | Reached skill level 7 in Ranged Weapons
   553 | D:6      | Reached XP level 6. HP: 5/48 MP: 7/7
   570 | D:6      | Killed from afar by a white imp

Illustrated notes

Levels and vault maps discovered:
D:1:      spicycebolla_arrival_risky_transporter, layout_basic, serial_shops,
          shop_statue
D:2:      layout_basic, serial_glass, glass_columns_a, glass_columns_a,
          uniq_crazy_yiuf_cottage
D:3:      layout_rooms, hellmonk_ecumenical_altar_crossroads, uniq_grinder
D:4:      layout_basic, trog_hazing_becter, mrwooster_statue_mirror
D:5:      layout_basic, gammafunk_temple_overflow_claw,
          minmay_temple_entry_sparse_star, serial_bayou_crossing
D:6:      layout_cave_pools, gammafunk_ghost_stat_death
D:7:      kennysheep_seaside_town, layout_rooms, serial_shops, shop_fountains

Skill      XL: |  1  2  3  4  5 |
---------------+----------------+-----
Ranged Weapons | 5 6 7 |  7.4
Fighting       | |  2.1
Dodging        | |  2.4
Stealth        | |  0.6

Action                     |  1- 3 |  4- 6 || total
---------------------------+-------+-------++-------
   Fire: Shortbow          |    74 |    39 ||   113
 Armour: Leather armour    |    16 |       ||    16
         Scale mail        |    11 |    15 ||    26
  Dodge: Dodged            |    44 |    11 ||    55

Table legend: (Time is in decaauts)
 A = Elapsed time spent in this place.
 B = Non-inter-level travel time spent in this place.
 C = Inter-level travel time spent in this place.
 D = Time resting spent in this place.
 E = Time spent auto-exploring this place.
 F = Levels seen in this place.
 G = Mean time per level.
                   A        B        C        D        E       F      G
               +--------+--------+--------+--------+--------+-----+--------+
         Total |    613 |    613 |      0 |      0 |      0 |   7 |   87.6 |
       Dungeon |    613 |    613 |      0 |      0 |      0 |   7 |   87.6 |
               +--------+--------+--------+--------+--------+-----+--------+

Top non-repeatable levels by time:
     D:1: 282 daAuts
     D:6: 113 daAuts
     D:4: 81 daAuts
     D:2: 60 daAuts
     D:3: 59 daAuts
     D:5: 15 daAuts
     D:7: 1 daAuts
